 Dungeon Crawl Stone Soup version 0.30-a0-223-gcb0039aa0c (webtiles) character file.

Game seed: 2771312839180078871

39 qw the Chopper (level 3, 0/23 HPs)
             Began as a Gargoyle Fighter on Oct 9, 2022.
             Slain by Sigmund
             ... wielding a +1 scythe of protection
              (6 damage)
             ... on level 2 of the Dungeon.
             The game lasted 00:00:30 (1130 turns).

qw the Chopper (Gargoyle Fighter)                   Turns: 1130, Time: 00:00:31

Health: 0/23       AC: 11    Str: 18    XL:     3   Next: 47%
Magic:  12/12      EV:  9    Int:  8    God:
Gold:   69         SH:  5    Dex: 13    Spells: 2/2 levels left

rFire   . . .      SeeInvis +    Y - +0 war axe
rCold   . . .      Faith    .    a - +1 buckler "Renir" {MP+9 Str-3 Dex+4}
rNeg    + . .      Spirit   .    b - +0 scale mail
rPois   inf        Reflect  .    (no helmet)
rElec   +          Harm     .    (no cloak)
rCorr   .          Rampage  .    k - +0 pair of gloves
Will    .....                    (no boots)
Stlth   ..........               (no amulet)
HPRegen 0.23/turn                l - ring of see invisible
MPRegen 0.13/turn                (no ring)

@: no status effects
A: sickness immunity, AC +3, negative energy resistance 1, electricity
resistance, torment resistance 1, petrification resistance
a: no special abilities


You were on level 2 of the Dungeon.
You visited 1 branch of the dungeon, and saw 2 of its levels.

You collected 69 gold pieces.


Innate Abilities, Weirdness & Mutations

You are immune to sickness and miasma.
Your stone body is resilient. (AC +3)
You are immune to poison.
You resist negative energy. (rN+)
You are resistant to electric shocks. (rElec)
You are resistant to unholy torment.
You are immune to petrification.


   Skills:
 - Level 3.2 Fighting
 + Level 3.4 Axes
 - Level 3.2 Armour
 - Level 3.2 Shields


You had 2 spell levels left.
You didn't know any spells.
Your spell library was empty.

Inventory:

Hand Weapons
 i - a +0 whip
 Y - a +0 war axe (weapon)
Armour
 a - the +1 buckler "Renir" (worn) {MP+9 Str-3 Dex+4}
   (You acquired it on level 1 of the Dungeon)

   Str:       It affects your strength (-3).
   Dex:       It affects your dexterity (+4).
   MP:        It affects your magic capacity (+9).
 b - a +0 scale mail (worn)
 k - a +0 pair of gloves (worn)
Jewellery
 c - a ring of resist corrosion
 l - a ring of see invisible (left hand)
Potions
 d - a potion of might
 f - a potion of degeneration {unknown}
 g - a potion of curing
 h - a potion of magic {unknown}

Dungeon Overview and Level Annotations

Branches:
Dungeon (2/15)

Altars:

Shops:
D:2 =

Annotations:
D:2 Sigmund


Message History

Sigmund is moderately wounded.
Sigmund points at you and mumbles some strange words.
The magic dart hits you.
You barely miss Sigmund.
Sigmund is moderately wounded.
Sigmund gestures at you while chanting. The magic dart hits you.
You hit Sigmund.
Sigmund is moderately wounded.
Sigmund barely misses you.
You slash Sigmund!
Sigmund is almost dead.
Sigmund is suddenly surrounded by pale red light.
You block Sigmund's attack.
You closely miss Sigmund.
Sigmund is almost dead.
Sigmund completely misses you.
You hit Sigmund but do no damage.
Sigmund is almost dead.
Sigmund hits you but does no damage.
You barely miss Sigmund.
Sigmund is almost dead.
Sigmund barely misses you.
You closely miss Sigmund.
Sigmund is almost dead.
You block Sigmund's attack.
You closely miss Sigmund.
Sigmund is almost dead.
Sigmund casts a spell at you. The magic dart hits you!
You closely miss Sigmund.
Sigmund is almost dead.
You block Sigmund's attack.
You hit Sigmund.
Sigmund is almost dead.
Sigmund closely misses you.
You barely miss Sigmund.
Sigmund is almost dead.
Sigmund hits you with a +1 scythe of protection.
You die...

#......#.#
#......#.#
#......#.#
#......#.#
########.#
#...#.# ####
#.#.#.# #..
#.#...# #@#
#.#########@#
#.....##....#
#####)##.####
#.##.# #....#
######


You could see Sigmund.

Vanquished Creatures
  2 dart slugs (D:1)
  An endoplasm (D:1)
  2 giant cockroaches (D:2)
  6 goblins
  6 hobgoblins
  2 jackals (D:1)
  A quokka (D:1)
  2 ball pythons
  4 bats (D:1)
  2 frilled lizards
  3 kobolds
  2 rats (D:1)
33 creatures vanquished.

Notes
Turn   | Place    | Note
-------+----------+-------------------------------------------
     0 | D:1      | qw the Gargoyle Fighter began the quest for the Orb.
     0 | D:1      | Reached XP level 1. HP: 14/14 MP: 1/1
     0 | D:1      | 0 ||| qw: Version: 0.2-a-17-g06abaee
     0 | D:1      | 0 ||| qw: Game counter: 2250
     0 | D:1      | 0 ||| qw: Always use a shield: true
     0 | D:1      | 0 ||| qw: God list: Okawaru
     0 | D:1      | 0 ||| qw: Allow faded altars: false
     0 | D:1      | 0 ||| qw: Do Orc after D:15 true
     0 | D:1      | 0 ||| qw: Do second Lair branch before Depths: true
     0 | D:1      | 0 ||| qw: Lair rune preference: random
     0 | D:1      | 0 ||| qw: Plans: Normal, Zot:1-4, God:TSO, Crypt, Tomb,
                  | Pan, Slime:5, Hells, Abyss, Orb
     0 | D:1      | 0 ||| PLANNING D:1-11
   161 | D:1      | Reached XP level 2. HP: 19/19 MP: 2/2
   208 | D:1      | 208 ||| Stepping ~*~*~tactically~*~*~ (stealth).
   260 | D:1      | Found a faded altar of an unknown god.
   376 | D:1      | Reached skill level 3 in Axes
   633 | D:1      | 633 ||| Stepping ~*~*~tactically~*~*~ (hiding).
   642 | D:1      | Reached XP level 3. HP: 23/23 MP: 3/3
   762 | D:1      | 762 ||| UPGRADING to +0 pair of gloves.
   767 | D:1      | 767 ||| UPGRADING to ring of see invisible.
   768 | D:1      | 768 ||| READING scroll labelled UMIURHITWI.
   769 | D:1      | 769 ||| READING scroll labelled FOATHUNAEST.
   770 | D:1      | 770 ||| READING scroll labelled WUOFIHAROD.
   770 | D:1      | Identified a scroll of acquirement
   770 | D:1      | 770 ||| ACQUIRING +1 buckler "Renir" {MP+9 Str-3 Dex+4}
   770 | D:1      | Acquired the +1 buckler "Renir" {MP+9 Str-3 Dex+4}
   772 | D:1      | 772 ||| UPGRADING to +1 buckler "Renir" {MP+9 Str-3 Dex+4}.
   782 | D:1      | 782 ||| DROPPING +0 buckler.
   852 | D:1      | 852 ||| READING scroll labelled LEUXIO WISOYSM.
   853 | D:1      | 853 ||| DRINKING 2 dark potions.
   903 | D:2      | Found Zacw's One-of-a-Kind Rings.
   917 | D:2      | 917 ||| SHOPLISTING +2 ring of protection (120 gold, have
                  | 42).
   917 | D:2      | 917 ||| SHOPLISTING +3 ring of dexterity (120 gold, have
                  | 42).
   917 | D:2      | 917 ||| SHOPLISTING +8 ring of strength (660 gold, have
                  | 42).
   917 | D:2      | 917 ||| SHOPLISTING ring of Maovoavikh {rElec rPois rF+
                  | rCorr Int-4} (484 gold, have 42).
   917 | D:2      | 917 ||| SHOPLISTING ring of Xom's Ringing Laughter {Will+
                  | Str-3 Int+3 Dex+6} (535 gold, have 42).
  1105 | D:2      | 1105 ||| DROPPING +0 club.
  1115 | D:2      | Noticed Sigmund
  1127 | D:2      | HP: 5/23 [Sigmund/magic dart (8)]
  1130 | D:2      | Slain by Sigmund

Levels and vault maps discovered:
D:1:      eino_arrival_tree_alley, layout_loops_ring,
          dreamdust_ecumenical_altar_statues
D:2:      layout_basic, basic_altar, nicolae_shop_unique_rings, uniq_sigmund

Skill      XL: |  1  2 |
---------------+-------+-----
Axes           | 2 3 |  3.4
Fighting       | |  3.2
Armour         | |  3.2
Shields        | |  3.2

Action                   || total
-------------------------++-------
Melee: War axe           ||   101
  Use: Scroll            ||     4
       Potion            ||     1
Armor: Scale mail        ||    48
Dodge: Dodged            ||    35
Block: Buckler           ||    18

Table legend:
 A = Non-vault XP
 B = Vault XP
 C = Vault XP percentage of total XP
 D = Non-vault monster count
 E = Vault monster count
 F = Vault count percentage of total count
                 A         B        C        D         E       F
            +---------+---------+-------+---------+---------+-------
      Total |      57 |       0 |   0.0 |      33 |       0 |   0.0
            +---------+---------+-------+---------+---------+-------
        D:1 |      39 |       0 |   0.0 |      22 |       0 |   0.0
        D:2 |      18 |       0 |   0.0 |      11 |       0 |   0.0
            +---------+---------+-------+---------+---------+-------
